 Dungeon Crawl Stone Soup version 0.29.0-4-gdea44cf6ec (webtiles) character file.

Game seed: 14248131221985968927

198 qw the Chopper (level 5, -2/30 HPs)
             Began as a Tengu Warper on Aug 28, 2022.
             Slain by Pikel
             ... wielding a +2 whip of freezing
              (3 damage)
             ... on level 3 of the Dungeon.
             The game lasted 00:00:23 (3680 turns).

qw the Chopper (Tengu Warper)                       Turns: 3680, Time: 00:00:23

Health: -2/30      AC:  5    Str: 16      XL:     5   Next: 76%
Magic:  9/9        EV: 13    Int: 12 (14) God:
Gold:   204        SH:  0    Dex: 19      Spells: 8/8 levels left

rFire   . . .      SeeInvis .   Y - +2 hand axe
rCold   . . .      Faith    .   (no shield)
rNeg    . . .      Spirit   .   c - +0 ring mail
rPois   .          Reflect  .   (helmet restricted)
rElec   .          Harm     .   (no cloak)
rCorr   +          Rampage  .   (no gloves)
Will    .....                   (boots unavailable)
Stlth   +.........              (no amulet)
HPRegen 0.10/turn               i - ring of resist corrosion
MPRegen 0.11/turn               b - ring "Zurriy" {Str+3 Dex+6}

@: flying quickly and evasively, quick
A: beak, talons 3, nimble flight
a: no special abilities


You were on level 3 of the Dungeon.
You visited 1 branch of the dungeon, and saw 4 of its levels.

You collected 204 gold pieces.


Innate Abilities, Weirdness & Mutations

You have a beak for a mouth.
You have claws for feet.
Your magical nature lets you fly swiftly and evasively.


   Skills:
 - Level 2.0 Fighting
 - Level 6.3 Axes
 - Level 1.0 Throwing
 - Level 1.1 Armour
 + Level 2.2 Dodging
 - Level 2.0 Spellcasting
 - Level 2.4 Translocations


You had 8 spell levels left.
You didn't know any spells.
Your spell library contained the following spells:

 Spells                   Type           Power      Damage    Failure   Level
 Blink                    Tloc           12%        N/A       30%         2
 Gell's Gravitas          Tloc           6%         N/A       52%         3
 Lesser Beckoning         Tloc           6%         N/A       52%         3
 Teleport Other           Tloc           6%         N/A       52%         3
 Manifold Assault         Tloc           6%         N/A       99%         5

Inventory:

Hand Weapons
 e - a +0 whip
 Y - a +2 hand axe (weapon)
Armour
 c - a +0 ring mail (worn)
Jewellery
 b - the ring "Zurriy" (right hand) {Str+3 Dex+6}
   (You acquired it on level 2 of the Dungeon)

   [ring of dexterity]

   Str:       It affects your strength (+3).
   Dex:       It affects your dexterity (+6).
 i - a ring of resist corrosion (left hand)
Scrolls
 p - a scroll of identify
 r - a scroll of enchant armour
Potions
 a - a potion of curing
 d - a potion of brilliance {unknown}
 f - a potion of cancellation {unknown}
 g - 2 potions of resistance
 h - a potion of haste {unknown}
 k - a potion of mutation {unknown}
 l - a potion of attraction {unknown}
 m - a potion of magic {unknown}
 n - a potion of might {unknown}
 s - a potion of lignification {unknown}

Dungeon Overview and Level Annotations

Branches:
Dungeon (4/15)
 Temple: D:4-7

Altars:

Shops:
D:2 *

Annotations:
D:3 Pikel


Message History

The lemure is heavily wounded.
The lemure barely misses you.
You miss the lemure. You claw the lemure.
The lemure is severely wounded.
The lemure hits you.
You hit the lemure but do no damage. You peck the lemure.
The lemure is severely wounded.
The lemure hits you but does no damage.
You hit the lemure. You claw the lemure.
You kill the lemure!
That felt strangely unrewarding.
You start resting.
HP restored.
Done exploring.
(D) Dungeon
Where to? (* - list waypoints, Enter - D:4, ? - help)
What level of the Dungeon? (default 1, ? - help)
You fly downwards.
Level annotation: Pikel Pikel hits you with a +2 whip of freezing.
Pikel freezes you.
There is a stone staircase leading up, spattered with blood here.
3676 ||| STAIRDANCE Pikel hits you with a +2 whip of freezing.
Pikel freezes you.
You fly upwards.
There is a stone staircase leading down here.
You hit Pikel. You peck Pikel. You punch Pikel, but do no damage.
Pikel is lightly wounded.
Pikel hits you with a +2 whip of freezing.
Pikel freezes you.
You closely miss Pikel.
Pikel is lightly wounded.
Pikel hits you with a +2 whip of freezing.
Pikel freezes you.
You hit Pikel. You claw Pikel, but do no damage. Your peck misses Pikel.
Pikel is moderately wounded.
Pikel hits you with a +2 whip of freezing!
Pikel freezes you.
You die...

### #.# #######.######
#.............
#.......######
###########.......######
#......@................
##'#####.K.......#......#
#....# #.#.......######.#
#....# #..............#.#
#....# #.#..#.##...##.#.#
#....# #.#..#.##.#..#.#.#
#....# #.#..#.##.##.#.#.#
#....# #.#..#.##.........
#....# #>#..#.##.........


You could see Pikel.

Vanquished Creatures
  A phantom (D:4)
  3 lemures
  An iguana (D:4)
  2 adders (D:2)
  A worm (D:3)
  An orc (D:4)
  6 ball pythons
  8 endoplasms
  A giant cockroach (D:2)
  5 hobgoblins
  5 kobolds
  2 quokkas
  6 bats
  7 frilled lizards
  10 goblins
  14 rats
73 creatures vanquished.

Vanquished Creatures (others)
  A fungus (D:1)
  2 plants (D:1)
3 creatures vanquished.

Grand Total: 76 creatures vanquished

Notes
Turn   | Place    | Note
-------+----------+-------------------------------------------
     0 | D:1      | qw the Tengu Warper began the quest for the Orb.
     0 | D:1      | Reached XP level 1. HP: 12/12 MP: 4/4
     0 | D:1      | 0 ||| qw: Version: 0.1-a-89-g26bdef1
     0 | D:1      | 0 ||| qw: Game counter: 2641
     0 | D:1      | 0 ||| qw: Always use a shield: true
     0 | D:1      | 0 ||| qw: God list: Okawaru
     0 | D:1      | 0 ||| qw: Allow faded altars: false
     0 | D:1      | 0 ||| qw: Do Orc after D:15 true
     0 | D:1      | 0 ||| qw: Do second Lair branch before Depths: true
     0 | D:1      | 0 ||| qw: Lair rune preference: random
     0 | D:1      | 0 ||| qw: Plans: Normal
     0 | D:1      | 0 ||| PLANNING D:1-11
    15 | D:1      | 15 ||| Stepping ~*~*~tactically~*~*~ (stealth).
   195 | D:1      | Reached XP level 2. HP: 17/17 MP: 6/6
   210 | D:1      | Reached skill level 3 in Axes
   693 | D:1      | 693 ||| Stepping ~*~*~tactically~*~*~ (stealth).
   695 | D:1      | 695 ||| Stepping ~*~*~tactically~*~*~ (stealth).
   704 | D:1      | HP: 3/17 [kobold/+1 dagger of venom (2)]
   706 | D:1      | Reached XP level 3. HP: 3/21 MP: 7/7
  1014 | D:1      | 1014 ||| Stepping ~*~*~tactically~*~*~ (stealth).
  1050 | D:1      | Reached skill level 4 in Axes
  1344 | D:1      | Found a faded altar of an unknown god.
  1435 | D:1      | 1435 ||| UPGRADING to ring of resist corrosion.
  1436 | D:1      | 1436 ||| READING 2 scrolls labelled NEL QERIHA.
  1437 | D:1      | 1437 ||| READING scroll of enchant weapon.
  1437 | D:1      | 1437 ||| ENCHANTING +1 hand axe.
  1438 | D:1      | 1438 ||| DRINKING 2 white potions.
  1439 | D:1      | 1439 ||| DROPPING scroll of blinking.
  1461 | D:2      | Found Itofeidy's General Store.
  1503 | D:2      | 1503 ||| Stepping ~*~*~tactically~*~*~ (stealth).
  1504 | D:2      | 1504 ||| Stepping ~*~*~tactically~*~*~ (stealth).
  1516 | D:2      | 1516 ||| Stepping ~*~*~tactically~*~*~ (stealth).
  1517 | D:2      | 1517 ||| Stepping ~*~*~tactically~*~*~ (stealth).
  1521 | D:2      | 1521 ||| Stepping ~*~*~tactically~*~*~ (stealth).
  1552 | D:2      | 1552 ||| FLEEEEING.
  1554 | D:2      | 1554 ||| FLEEEEING.
  1555 | D:2      | 1555 ||| FLEEEEING.
  1603 | D:2      | 1603 ||| Stepping ~*~*~tactically~*~*~ (stealth).
  1604 | D:2      | 1604 ||| Stepping ~*~*~tactically~*~*~ (stealth).
  1605 | D:2      | 1605 ||| Stepping ~*~*~tactically~*~*~ (stealth).
  1606 | D:2      | 1606 ||| Stepping ~*~*~tactically~*~*~ (stealth).
  1609 | D:2      | 1609 ||| Stepping ~*~*~tactically~*~*~ (stealth).
  1622 | D:2      | 1622 ||| Stepping ~*~*~tactically~*~*~ (stealth).
  1725 | D:2      | Reached XP level 4. HP: 16/26 MP: 8/8
  2378 | D:2      | 2378 ||| UPGRADING to +0 ring mail.
  2388 | D:2      | 2388 ||| DROPPING +0 leather armour.
  2389 | D:2      | 2389 ||| DROPPING +6 ring of intelligence.
  2390 | D:2      | 2390 ||| READING scroll labelled NEVIYJ UDY.
  2390 | D:2      | Identified a scroll of acquirement
  2390 | D:2      | 2390 ||| ACQUIRING ring "Zurriy" {Str+3 Dex+6}
  2390 | D:2      | Acquired the ring "Zurriy" {Str+3 Dex+6}
  2392 | D:2      | 2392 ||| UPGRADING to ring "Zurriy" {Str+3 Dex+6}.
  2393 | D:2      | 2393 ||| READING scroll labelled GESACLU SEOP.
  2394 | D:2      | 2394 ||| DRINKING 3 glowing silvery potions.
  2407 | D:3      | 2407 ||| STAIRDANCE
  2604 | D:3      | Reached skill level 5 in Axes
  3308 | D:3      | 3308 ||| READING 2 scrolls labelled WUWIBA PALI.
  3309 | D:3      | 3309 ||| READING 2 scrolls labelled WASHRI QOPLE.
  3310 | D:3      | 3310 ||| READING scroll labelled EGAUMO DIDIORCH.
  3314 | D:3      | 3314 ||| DRINKING 2 emerald potions.
  3315 | D:3      | 3315 ||| DRINKING 2 sedimented yellow potions.
  3316 | D:3      | 3316 ||| DROPPING scroll of poison.
  3317 | D:3      | 3317 ||| DROPPING potion of degeneration.
  3346 | D:4      | HP: 1/26 [iguana (10)]
  3347 | D:4      | 3347 ||| DRINKING potion of heal wounds.
  3350 | D:4      | Gained mutation: Your magical nature lets you fly swiftly
                  | and evasively. [Tengu growth]
  3350 | D:4      | Reached XP level 5. HP: 23/30 MP: 9/9
  3416 | D:4      | Noticed a phantom
  3430 | D:4      | Killed a phantom
  3431 | D:4      | Reached skill level 6 in Axes
  3458 | D:4      | 3458 ||| Stepping ~*~*~tactically~*~*~ (stealth).
  3478 | D:4      | Noticed a lemure
  3478 | D:4      | Noticed a lemure
  3479 | D:4      | 3479 ||| Stepping ~*~*~tactically~*~*~ (stealth).
  3486 | D:4      | Noticed a lemure
  3488 | D:4      | Killed a lemure
  3490 | D:4      | Noticed a lemure
  3491 | D:4      | 3491 ||| Stepping ~*~*~tactically~*~*~ (stealth).
  3492 | D:4      | Noticed Pikel
  3493 | D:4      | 3493 ||| Stepping ~*~*~tactically~*~*~ (stealth).
  3496 | D:4      | 3496 ||| Stepping ~*~*~tactically~*~*~ (stealth).
  3504 | D:4      | Killed a lemure
  3505 | D:4      | 3505 ||| FLEEEEING.
  3506 | D:4      | 3506 ||| FLEEEEING.
  3507 | D:4      | 3507 ||| FLEEEEING.
  3508 | D:4      | 3508 ||| FLEEEEING.
  3509 | D:4      | 3509 ||| FLEEEEING.
  3510 | D:4      | 3510 ||| FLEEEEING.
  3511 | D:4      | 3511 ||| FLEEEEING.
  3514 | D:4      | 3514 ||| FLEEEEING.
  3515 | D:4      | 3515 ||| FLEEEEING.
  3516 | D:4      | 3516 ||| FLEEEEING.
  3517 | D:4      | 3517 ||| FLEEEEING.
  3518 | D:4      | 3518 ||| FLEEEEING.
  3519 | D:4      | 3519 ||| FLEEEEING.
  3520 | D:4      | 3520 ||| STAIRDANCE
  3607 | D:4      | 3607 ||| STAIRDANCE
  3614 | D:3      | Killed a lemure
  3676 | D:4      | 3676 ||| STAIRDANCE
  3680 | D:3      | HP: 1/30 [Pikel/+2 whip of freezing (7)]
  3680 | D:3      | Slain by Pikel

Levels and vault maps discovered:
D:1:      roderic_octagonal_star, layout_loops_corners,
          shapermc_ecumenical_altar_ellora, minmay_rat_gold_closets
D:2:      layout_rooms, serial_shops, nicolae_shop_stone
D:3:      layout_basic
D:4:      layout_cave_pools, mainiacjoe_overflow_cross_hatched,
          minmay_temple_entry_wispy, gammafunk_ghost_split, minmay_crossroads,
          uniq_natasha, uniq_pargi, uniq_pikel

Skill      XL: |  1  2  3  4  5 |
---------------+----------------+-----
Axes           | 3 4 5 6 |  6.3
Fighting       | |  2.0
Throwing       | |  1.0
Armour         | |  1.1
Dodging        | |  2.2
Spellcasting   | |  2.0
Translocations | |  2.4

Action                   |  1- 3 |  4- 6 || total
-------------------------+-------+-------++-------
Melee: Hand axe          |    97 |    82 ||   179
       Peck              |     7 |    20 ||    27
       Kick              |    20 |    14 ||    34
       Punch             |     1 |     3 ||     4
Throw: Boomerang         |     7 |       ||     7
  Use: Scroll            |     2 |     5 ||     7
       Potion            |     1 |     4 ||     5
 Stab: Distracted        |     1 |       ||     1
Armor: Leather armour    |    20 |     3 ||    23
       Ring mail         |       |     8 ||     8
Dodge: Dodged            |    53 |    34 ||    87

Table legend:
 A = Non-vault XP
 B = Vault XP
 C = Vault XP percentage of total XP
 D = Non-vault monster count
 E = Vault monster count
 F = Vault count percentage of total count
                 A         B        C        D         E       F
            +---------+---------+-------+---------+---------+-------
      Total |     272 |      11 |   3.9 |      59 |      11 |  15.7
            +---------+---------+-------+---------+---------+-------
        D:1 |      44 |      10 |  18.5 |      28 |      10 |  26.3
        D:2 |      54 |       0 |   0.0 |      18 |       0 |   0.0
        D:3 |      19 |       0 |   0.0 |       9 |       0 |   0.0
        D:4 |     155 |       1 |   0.6 |       4 |       1 |  20.0
            +---------+---------+-------+---------+---------+-------
